Match 35489479
Unlisted

Match 35489479
End
Kradschützen Motorcycle Team
Panzergrenadier Squad
250 Light Carrier
250 Light Carrier
Construct Light Support Kompanie
Combat Half-tracks
MG34 Team
Construct Mechanized Kompanie
8 Rad Armored Car
Selects Armored Support Battlegroup
Selects Superior Fire Drills
Support Armor Elements
Vehicle Survival Package
Rapid Advance
Selects Flammpanzer III Medium Tank
Flammpanzer III Medium Tank
Panzerjäger Mechanized Group
Selects Salvage Kits
Flammpanzer III Medium Tank
Panzerpioneer Squad
Advanced Field Repairs
254 Reconnaissance Tractor
Flammpanzer III Medium Tank
Pak 38 Anti-tank Gun Team
Marder III Tank Destroyer
Flammpanzer III Medium Tank
StuG III D Assault Gun
Selects Panzer Storm
Emergency Repair Kits
Flammpanzer III Medium Tank
Selects Stuka Anti-tank Loiter
Stuka Anti-tank Loiter
Flammpanzer III Medium Tank
Marder III Tank Destroyer
Marder III Tank Destroyer
Selects Battlefield Salvage
Flammpanzer III Medium Tank
Stuka Anti-tank Loiter
lengfeng988
matrix4x4
粉色上瘾
许聪聪
Bia Bia Bia
603210747
.k boy
miside
0
0

Comments sign in to comment!

No comments posted yet!